 Dungeon Sprint DCSS version 0.28-a0-906-g0406aca7d3 (webtiles) character file.

Game seed: 9861308680164817019

12925 Turgor the Executioner (level 11, -40/117 HPs)
             Began as a Minotaur Berserker on Nov 23, 2021.
             Was the Champion of Trog.
             Killed from afar by a fire giant (50 damage)
             ... with a bolt of fire
             ... in the Dungeon (Sprint I: "Red Sonja").
             The game lasted 00:26:41 (3453 turns).

Turgor the Executioner (Minotaur Berserker)         Turns: 3453, Time: 00:26:41

Health: -40/117    AC: 18    Str: 27    XL:     11   Next: 68%
Magic:  10/10      EV: 13    Int:  5    God:    Trog [******]
Gold:   2759       SH:  5    Dex: 11    Spells: 10/10 levels left

rFire   . . .      SeeInvis +   k - +6 battleaxe of Xohutusm {vorpal, Drain +Blink rPois Stlth+}
rCold   . . .      Faith    .   (shield currently unavailable)
rNeg    . . .      Spirit   .   m - +1 scale mail {rPois}
rPois   +          Reflect  +   (helmet restricted)
rElec   .          Harm     .   (no cloak)
rCorr   .          Rampage  .   b - +2 pair of gloves
Will    .....      NoTele   +   p - +1 pair of boots "Amyiruin" {Str+4 SInv}
Stlth   +.........              o - amulet of reflection
HPRegen 0.29/turn               (no ring)
MPRegen 0.12/turn               (no ring)

@: no status effects
A: horns 2, retaliatory headbutt
a: Renounce Religion, Evoke Blink, Berserk, Trog's Hand, Brothers in Arms


You were in the Dungeon.
You worshipped Trog.
Trog was exalted by your worship.
You visited 1 branch You collected 4489 gold pieces.
You spent 1730 gold pieces at shops.

Inventory:

Hand Weapons
 a - the +5 mace "Guuntigu" {spect, rElec rPois rF+ Stlth+}
   (You found it in the Dungeon)

   When its wielder attacks, the weapon's spirit leaps out and strikes again.
   The spirit shares a part of any damage it takes with its wielder.
   rF:        It protects you from fire.
   rElec:     It insulates you from electricity.
   rPois:     It protects you from poison.
   Stlth:     It makes you more stealthy.
 d - a +2 broad axe of flaming
 j - a +1 dagger of distortion
 k - the +6 battleaxe of Xohutusm (weapon) {vorpal, Drain +Blink rPois Stlth+}
   (Trog gifted it to you in the Dungeon)

   It inflicts extra damage upon your enemies.
   rPois:     It protects you from poison.
   +Blink:    It lets you blink.
   Drain:     It drains your maximum health when unequipped.
   Stlth:     It makes you more stealthy.
 q - the +8 Wrath of Trog {antimagic, *Rage Rampage}
   (You acquired it in the Dungeon)

   It reduces the magical energy of the wielder, and disrupts the spells and
   magical abilities of those it strikes.
   Natural abilities and divine invocations are not affected.
   It causes slowness and exhaustion when equipped.
   It extends the wielder's berserk rage when killing foes.
   *Rage:     It berserks you when you make melee attacks (+50% chance).
   Rampage:   It bestows one free step when moving towards enemies.
Missiles
 l - 3 javelins (quivered)
 n - 2 curare-tipped darts
Armour
 b - a +2 pair of gloves (worn)
 m - a +1 scale mail of poison resistance (worn)
 p - the +1 pair of boots "Amyiruin" (worn) {Str+4 SInv}
   (You found it in the Dungeon)

   Str:       It affects your strength (+4).
   SInv:      It lets you see invisible.
Jewellery
 o - an amulet of reflection (around neck)
Wands
 i - a wand of flame (20)
 t - a wand of paralysis (7)
Scrolls
 h - a scroll of blinking
 s - a scroll of fog
 u - a scroll of identify
Potions
 c - 3 potions of curing
 e - a potion of haste
 f - 2 potions of magic
 g - a potion of berserk rage
 r - a potion of cancellation


   Skills:
 + Level 17.6 Fighting
 * Level 23.7 Axes
 + Level 17.5 Armour
 - Level 7.0 Dodging


You had 10 spell levels left.
You didn't know any spells.
Your spell library was empty.

Dungeon Overview and Level Annotations

Branches:
Dungeon (1/1)

Altars:
Cheibriados
Dithmenos
Elyvilon
Fedhas
Gozag
Hepliaklqana
Kikubaaqudgha
Makhleb
Nemelex Xobeh
Okawaru
Qazlal
Ru
Sif Muna
Trog
Uskayaw
Vehumet
Wu Jian
Xom
Yredelemnul
Zin
The Shining One
Jiyva
Lugonu

Shops:
D [*:(=[![*:*?:**[*


Innate Abilities, Weirdness & Mutations

You have a pair of horns on your head.
You reflexively headbutt those who attack you in melee.


Message History

The fire giant is moderately wounded.
You slash the fire giant! The fire giant barely misses you.
You slash the fire giant!
You headbutt the fire giant, but do no damage.
The fire giant is moderately wounded.
You slash the fire giant! The fire giant misses you. You furiously retaliate!
You headbutt the fire giant! The fire giant misses you.
You slice the fire giant!!
You headbutt the fire giant, but do no damage.
The fire giant is severely wounded.
You slash the fire giant!
The fire giant hits you with a +2 great sword of flaming!!
The fire giant burns you!
You barely miss the fire giant.
The fire giant is severely wounded.
You barely miss the fire giant.
The fire giant points at you and mumbles some strange words.
The bolt of fire hits you!!!
* * * LOW HITPOINT WARNING * * *
You barely miss the fire giant. You headbutt the fire giant!
The fire giant is severely wounded.
You hit the fire giant but do no damage.
The fire giant hits you with a +2 great sword of flaming!
* * * LOW HITPOINT WARNING * * *
The fire giant burns you.
* * * LOW HITPOINT WARNING * * *
The fire giant hits you with a +1 great sword of flaming.
* * * LOW HITPOINT WARNING * * *
The fire giant burns you.
* * * LOW HITPOINT WARNING * * *
You slice the fire giant!!
You kill the fire giant!
Trog accepts your kill. Trog grants you a weapon!
Something appears at your feet!
You see here a +3 glaive.
Trog appreciates your killing of a magic user.
You slash the fire giant! The fire giant casts a spell at you.
The bolt of fire hits you!!!
You die...

#..)°○'.....##.#A#.#,,≈,,*,****+*
###°○○#.....#..###.#,,≈,**+*,,,,*
'.#.○○###''##.##...#,,≈**,,,,,,,,
#.#..###○.###..#+###,,≈*,,,,,,,,,
#.#..####..###...#,≈,,**,,,,,,,,,
#§##'#..#..#.###.#,≈,,*,,,,,,,,,,
#.##.#.....○...#.#**,,*,,,,,,,,,,
§§####.....○...#.#,+,,**,,,,,,,,,
#§#).'......####@#,**'**,,,,,,,,,
#.#####..°###..C)#,*≈≈≈**,,,,,,,,
'.#.C.#####...####,*≈≈≈≈**,,,,,,*
###...C.C...###,,,,*≈≈≈≈≈********
*,,.....#####,^,,****≈≈≈≈*≈≈≈≈≈*,
*,,...,**,,,,,,,,*,,*'≈≈≈'≈≈,≈≈',
*,,.,,**,,,,,,,,,*,,,**≈≈*≈≈≈≈≈*≈
*,,,,,*,,,,,,,,,^*,,,,******'****
***********^,,,,,*,,,,*≈≈≈≈≈≈≈≈≈≈


You could see a fire giant.

Vanquished Creatures
  2 fire giants (D)
  A lorocyproca (D)
  A hydra (D)
  2 centaur warriors (D)
  Sonja (D)
  A deep troll (D)
  A lindwurm (D)
  An oklob plant (D)
  A gargoyle (D)
  7 unseen horrors (D)
  4 demonic crawlers (D)
  A hornet (D)
  A slime creature (D)
  Sigmund (D)
  2 redbacks (D)
  A yak (D)
  13 hogs (D)
  2 floating eyes (D)
  An ogre (D)
  7 necrophages (D)
  8 jellies (D)
  Ijyb (D)
60 creatures vanquished.

Vanquished Creatures (collateral kills)
  2 kobold demonologists (D)
  A floating eye (D)
3 creatures vanquished.

Vanquished Creatures (others)
  2 ballistomycete spores (D)
2 creatures vanquished.

Grand Total: 65 creatures vanquished

Notes
Turn   | Place    | Note
-------+----------+-------------------------------------------
     0 | D        | Turgor the Minotaur Berserker began the quest for the Orb.
     0 | D        | Reached XP level 1. HP: 19/19 MP: 0/0
     1 | D        | Noticed Ijyb
     8 | D        | Killed Ijyb
     9 | D        | Reached skill level 5 in Axes
     9 | D        | Reached XP level 2. HP: 28/28 MP: 1/1
    68 | D        | Noticed an ogre
    72 | D        | Killed an ogre
    73 | D        | Reached skill level 7 in Axes
    73 | D        | Reached skill level 5 in Armour
    73 | D        | Reached XP level 3. HP: 37/37 MP: 2/2
    73 | D        | Reached XP level 4. HP: 44/44 MP: 3/3
   114 | D        | Noticed Sigmund
   122 | D        | Killed Sigmund
   122 | D        | Reached ** piety under Trog
   123 | D        | Reached skill level 10 in Axes
   123 | D        | Reached XP level 5. HP: 52/52 MP: 4/4
   123 | D        | Reached XP level 6. HP: 60/60 MP: 5/5
   135 | D        | Found a shimmering blue altar of Sif Muna.
   174 | D        | Found an ornate altar of the Wu Jian Council.
   175 | D        | Found a radiant altar of Vehumet.
   181 | D        | Found a viscous altar of Jiyva.
   181 | D        | Found a corrupted altar of Lugonu.
   181 | D        | Noticed a slime creature
   182 | D        | Found a burning altar of Makhleb.
   182 | D        | Found a shimmering altar of Xom.
   188 | D        | Killed a slime creature
   189 | D        | Reached skill level 11 in Axes
   249 | D        | Found Lifoezan's Assorted Antiques.
   249 | D        | Found an ancient bone altar of Kikubaaqudgha.
   249 | D        | Found a hazy altar of Hepliaklqana.
   249 | D        | Found a stormy altar of Qazlal.
   249 | D        | Found a hide-covered altar of Uskayaw.
   249 | D        | Found a blossoming altar of Fedhas.
   249 | D        | Found a bloodstained altar of Trog.
   249 | D        | Found an iron altar of Okawaru.
   249 | D        | Found a basalt altar of Yredelemnul.
   249 | D        | Found a glowing golden altar of the Shining One.
   249 | D        | Found a snail-covered altar of Cheibriados.
   249 | D        | Found a sacrificial altar of Ru.
   249 | D        | Found a glowing silver altar of Zin.
   249 | D        | Found a shadowy altar of Dithmenos.
   249 | D        | Found a white marble altar of Elyvilon.
   249 | D        | Noticed a yak
   258 | D        | Killed a yak
   259 | D        | Reached skill level 12 in Axes
   259 | D        | Reached XP level 7. HP: 41/70 MP: 6/6
   259 | D        | Found an opulent altar of Gozag.
   260 | D        | Found a sparkling altar of Nemelex Xobeh.
   396 | D        | Noticed a centaur warrior
   398 | D        | Noticed a centaur warrior
   410 | D        | Killed a centaur warrior
   410 | D        | Reached *** piety under Trog
   411 | D        | Reached skill level 10 in Fighting
   411 | D        | Reached skill level 14 in Axes
   411 | D        | Reached skill level 10 in Armour
   411 | D        | Reached XP level 8. HP: 81/81 MP: 7/7
   413 | D        | Killed a centaur warrior
   414 | D        | Reached skill level 15 in Axes
   504 | D        | Noticed a hornet
   509 | D        | Killed a hornet
   510 | D        | Reached skill level 16 in Axes
   510 | D        | Reached XP level 9. HP: 90/90 MP: 8/8
   541 | D        | Noticed a deep troll
   550 | D        | Killed a deep troll
   551 | D        | Reached skill level 17 in Axes
   562 | D        | Found Mufrots's Armour Emporium.
   567 | D        | Bought a +1 scale mail of poison resistance for 130 gold
                  | pieces
   679 | D        | Noticed Sonja
   688 | D        | Killed Sonja
   688 | D        | Reached **** piety under Trog
   739 | D        | Found Bat Cisy's Armour Boutique.
   799 | D        | Noticed an oklob plant
   807 | D        | Killed an oklob plant
   808 | D        | Reached skill level 18 in Axes
  1009 | D        | Reached ***** piety under Trog
  1012 | D        | Reached XP level 10. HP: 96/102 MP: 9/9
  1057 | D        | Reached skill level 19 in Axes
  1253 | D        | HP: 2/104 [something (4)]
  1254 | D        | Received a gift from Trog
  1703 | D        | Identified the +5 mace "Guuntigu" {spect, rElec rPois rF+
                  | Stlth+}
  1706 | D        | Identified the +1 pair of boots "Amyiruin" {Str+4 SInv}
  1718 | D        | Found Souc's Antique Weapon Shoppe.
  1718 | D        | Found Tentepat's Book Shop.
  1718 | D        | Found Doch's Jewellery Boutique.
  1720 | D        | Found Kuongit's Armour Emporium.
  1720 | D        | Found Ziytyshy's Distillery.
  1720 | D        | Found Tuebulod's Antique Armour Shoppe.
  1720 | D        | Found Kaij Jua's Assorted Antiques.
  1720 | D        | Found Ecier's Book Emporium.
  1720 | D        | Found Rolinn's General Store.
  1720 | D        | Found Geklig's Magic Scroll Shoppe.
  1724 | D        | Found Qumatug's Book Boutique.
  1725 | D        | Found Zusunin's General Store.
  1725 | D        | Found Xinoree's General Store.
  1726 | D        | Found Zisesh's General Store.
  1730 | D        | Bought a scroll of identify for 24 gold pieces
  1743 | D        | Bought a pair of runed gloves for 180 gold pieces
  1753 | D        | Bought a scroll of acquirement for 624 gold pieces
  1753 | D        | Acquired the +8 Wrath of Trog {antimagic, *Rage Rampage}
  1753 | D        | Found the +8 Wrath of Trog {antimagic, *Rage Rampage}
  1759 | D        | Bought a potion of cancellation for 80 gold pieces
  1759 | D        | Bought a scroll of identify for 20 gold pieces
  1766 | D        | Bought a scroll of identify for 24 gold pieces
  1766 | D        | Bought a scroll of fog for 24 gold pieces
  1811 | D        | Reached skill level 20 in Axes
  1815 | D        | Reached skill level 15 in Fighting
  1821 | D        | Reached ****** piety under Trog
  1821 | D        | Identified the +6 battleaxe of Xohutusm {vorpal, Drain
                  | +Blink rPois Stlth+} (Trog gifted it to you in the Dungeon)
  1821 | D        | Received a gift from Trog
  1822 | D        | Reached skill level 15 in Armour
  1871 | D        | Noticed a lindwurm
  1878 | D        | Killed a lindwurm
  1879 | D        | Reached skill level 21 in Axes
  1928 | D        | Reached XP level 11. HP: 105/114 MP: 3/10
  1938 | D        | Received a gift from Trog
  1942 | D        | Reached skill level 22 in Axes
  1948 | D        | Noticed a 12-headed hydra
  1952 | D        | Killed a 15-headed hydra
  2412 | D        | Bought a scroll of acquirement for 624 gold pieces
  2412 | D        | Acquired 1225 gold pieces
  2513 | D        | Noticed a lorocyproca
  2525 | D        | Killed a lorocyproca
  2525 | D        | Received a gift from Trog
  3016 | D        | Noticed a daeva
  3024 | D        | Reached skill level 23 in Axes
  3416 | D        | Noticed a fire giant
  3429 | D        | Killed a fire giant
  3435 | D        | Noticed a fire giant
  3435 | D        | Noticed a fire giant
  3453 | D        | Killed a fire giant
  3453 | D        | Received a gift from Trog
  3453 | D        | Killed from afar by a fire giant

Illustrated notes

Levels and vault maps discovered:
D:        dungeon_sprint_1 [red_sonja_temple_1, red_sonja_temple_small_1]

Skill      XL: |  1  2  3  4  5  6  7  8  9 10 11 |
---------------+----------------------------------+-----
Fighting       | 4 6 7 9 10 12 13 15 17 | 17.6
Axes           | 5 7 10 12 14 16 18 21 23 | 23.7
Armour         | 3 5 7 9 10 12 13 15 17 | 17.5
Dodging        | 3 4 6 7 |  7.0

Action                   |  1- 3 |  4- 6 |  7- 9 | 10-12 || total
-------------------------+-------+-------+-------+-------++-------
Melee: Hand axe          |     8 |    23 |    51 |    50 ||   132
       Headbutt          |     1 |     6 |    10 |    30 ||    47
       Battleaxe         |       |       |       |    79 ||    79
       Broad axe         |       |       |       |     7 ||     7
Invok: Berserk           |     2 |     2 |     5 |     1 ||    10
       Trog's Hand       |       |       |     1 |     1 ||     2
       Brothers in Arms  |       |       |       |     1 ||     1
  Use: Scroll            |       |       |       |     6 ||     6
       Potion            |       |       |       |     3 ||     3
Armor: Animal skin       |     1 |       |       |       ||     1
       Leather armour    |       |     1 |     3 |       ||     4
       Scale mail        |       |       |     7 |    64 ||    71
Dodge: Dodged            |       |     5 |    25 |    49 ||    79
Block: Other             |       |       |       |     9 ||     9

Table legend: (Time is in decaauts)
 A = Elapsed time spent in this place.
 B = Non-inter-level travel time spent in this place.
 C = Inter-level travel time spent in this place.
 D = Time resting spent in this place.
 E = Time spent auto-exploring this place.
 F = Levels seen in this place.
 G = Mean time per level.
                   A        B        C        D        E       F      G
               +--------+--------+--------+--------+--------+-----+--------+
         Total |   3497 |   3365 |    132 |   2286 |      0 |   1 | 3497.0 |
       Dungeon |   3497 |   3365 |    132 |   2286 |      0 |   1 | 3497.0 |
               +--------+--------+--------+--------+--------+-----+--------+

Top non-repeatable levels by time:
       D: 3497 daAuts
